 Dungeon Crawl Stone Soup version 0.30-a0-715-gdb4ae3ece1 (webtiles) character file.

Game seed: 8238702972045870288

1553 kae the Changer (level 8, -1/52 (57) HPs)
             Began as a Demonspawn Transmuter on Jan 24, 2023.
             Was a Priest of Hepliaklqana.
             Slain by a wight
             ... wielding a +0 morningstar
              (5 damage)
             ... on level 7 of the Dungeon.
             The game lasted 00:10:11 (5982 turns).

kae the Changer (Demonspawn Transmuter)             Turns: 5982, Time: 00:10:11

HP:   -1/52 (57)    AC:  8    Str: 10    XL:     8   Next: 57%
MP:   14/14         EV: 10    Int: 16    God:    Hepliaklqana [***...]
Gold: 415           SH:  0    Dex: 15    Spells: 6/16 levels left

rFire   x . .      SeeInvis .      - Unarmed
rCold   + + +      Faith    .    (shield currently unavailable)
rNeg    . . .      Spirit   .    (body armour currently unavailable)
rPois   +          Reflect  .    (helmet currently unavailable)
rElec   .          Harm     .    (cloak currently unavailable)
rCorr   .          Rampage  .    (gloves currently unavailable)
Will    .....                    (boots currently unavailable)
Stlth   +                        o - amulet of magic regeneration
HPRegen 0.28/turn                (no ring)
MPRegen 0.54/turn                (no ring)

@: ice-form, wereblooded, drained
A: freezing attack, amphibious, boosted hp, reduced essence, large, (icy blue
scales 1), foul stench 1, demonic magic 1, (weakness stinger 1)
a: End Transformation, Renounce Religion, Recall Ancestor, Ancestor Identity,
Transference


You were on level 7 of the Dungeon.
You worshipped Hepliaklqana.
Hepliaklqana was most pleased with you.
You were a creature of crystalline ice.
You visited 1 branch of the dungeon, and saw 7 of its levels.

You collected 415 gold pieces.


Innate Abilities, Weirdness & Mutations

You are a creature of crystalline ice.
You have a powerful freezing melee attack.
You are amphibious.
Your maximum health is increased.
Your armour is entirely melded.
You are incapable of wielding weapons or throwing items.
Your life essence is reduced to manifest your ancestor. (-10% HP)
((You are partially covered in icy blue scales. (AC +2)))
You may rarely emit foul miasma when damaged in melee.
Spells you cast may paralyse adjacent enemies.
((You have a small tail.))


   Skills:
 - Level 1.0 Fighting
 - Level 1.7 Dodging
 + Level 4.9 Unarmed Combat
 + Level 4.5 Spellcasting
 * Level 6.1 Transmutations
 * Level 4.6 Ice Magic
 - Level 2.0 Poison Magic


You had 6 spell levels left.
You knew the following spells:

 Your Spells              Type           Power      Damage    Failure   Level
a - Beastly Appendage     Tmut           46%        N/A       1%          1
b - Wereblood             Tmut           23%        N/A       1%          2
c - Spider Form           Tmut/Pois      16%        N/A       9%          3
d - Ice Form              Ice/Tmut       20%        N/A       17%         4

Your spell library contained the following spells:

 Spells                   Type           Power      Damage    Failure   Level
 Slow                     Hex            12%        N/A       16%         1
 Lesser Beckoning         Tloc           6%         N/A       24%         2
 Confusing Touch          Hex            3%         N/A       43%         3
 Gell's Gravitas          Tloc           3%         N/A       43%         3
 Teleport Other           Tloc           3%         N/A       43%         3
 Vampiric Draining        Necr           3%         2d6       43%         3

Inventory:

Missiles
 f - 46 stones
 n - 13 poisoned darts
 v - 5 boomerangs
Armour
 a - a +1 robe (melded)
 w - the +0 helmet of Shielding (melded) {rElec rPois Int+8 Slay-4}
   (You found it on level 4 of the Dungeon)

   Int:       It affects your intelligence (+8).
   Slay:      It affects your accuracy & damage with ranged weapons and melee
   (-4).
   rElec:     It insulates you from electricity.
   rPois:     It protects you from poison.
Magical Staves
 d - a staff of conjuration {!a}
   (You found it on level 1 of the Dungeon)
Jewellery
 o - an amulet of magic regeneration (around neck)
   (You found it on level 2 of the Dungeon)
 R - a ring of resist corrosion
   (You found it on level 6 of the Dungeon)
Scrolls
 c - 2 scrolls of silence {!r}
 e - 2 scrolls of identify {@r1}
 m - a scroll of amnesia
 q - 2 scrolls of immolation {!r!r}
 z - a scroll of poison {!r}
Potions
 b - 2 potions of lignification {!q}
 h - a potion of heal wounds {unknown}
 i - 2 potions of curing {unknown}
 j - 5 potions of brilliance {unknown}
 k - a potion of haste {unknown}
 l - a potion of berserk rage {unknown}
 p - 3 potions of attraction {!q}
 r - a potion of might {unknown}
 s - a potion of cancellation {unknown}
 t - 2 potions of degeneration {unknown}

Dungeon Overview and Level Annotations

Branches:
Dungeon (7/15) Zot: 26854  Temple (0/1) D:6

Altars:
Cheibriados
Fedhas
Hepliaklqana
Okawaru
Sif Muna
Trog
Uskayaw

Annotations:
D:3 exclusion: door

#######
#########..).R#
#.....##....#Y#
#.....##....#zzz.#
#.....##....##...#
#...........# ...#
##.....#.#.###
#.## #......#.#.#
.. #......#.#.#
### ##.....##.#.#
#.........#.####


You could see the friendly Khenut the battlemage and 3 wights.


Message History

You now have 55 max hp (-2).
You take 11 damage, and now have 46/55 hp.
You hit the wight. The wight hits you with a +0 halberd.
Khenut gestures at the wight while chanting.
The stone arrow hits the wight. 😮 HP[-5] MP[+1]
You take 5 damage, and now have 41/55 hp.
Your mp is fully restored (14).
Unknown command.
You punch the wight!
The wight hits you with a +0 halberd. 😮 HP[-2]
You take 2 damage, and now have 39/55 hp.
You hit the wight but do no damage.
Khenut hits the wight with a +0 quarterstaff!
The wight is destroyed!
Your life force feels restored.
You now have 57 max hp (+2).
A wight comes into view. It is wielding a +0 morningstar.
Things that are here:
a +0 halberd; a +0 robe You swap places. 😮 HP[+1]
You start resting.
You warm up again.
The +0 helmet of Shielding {rElec rPois Int+8 Slay-4} unmelds from your body.
Your +1 robe unmelds from your body.
You now have 48 max hp (-9).
You start resting. 😎 HP[+8]
Your hp is fully restored (48).
Casting: Ice Form (quite dangerous; 11% risk of failure)
Confirm with . or Enter, or press ? or * to list all spells.
The spell is quite dangerous to miscast (11% risk of failure)!
Continue anyway? [Y]es or [N]o only, please.
The spell is quite dangerous to miscast (11% risk of failure)!
Continue anyway? [Y]es or [N]o only, please.
The spell is quite dangerous to miscast (11% risk of failure)!
Continue anyway?
You turn into a creature of crystalline ice.
The +0 helmet of Shielding {rElec rPois Int+8 Slay-4} melds into your body.
Your +1 robe melds into your body.
Malevolent energies surge around you. 😎 HP[+9] MP[-4]
You now have 57 max hp (+9).
Your hp is fully restored (57).
You lost 4 mp, and now have 10/14 mp. 😎 MP[+1]
Casting: Ice Form (quite dangerous; 19% risk of failure)
Confirm with . or Enter, or press ? or * to list all spells.
Your blood is infused with primal strength.
Malevolent energies surge around you. 😎 MP[-1]
You lost 1 mp, and now have 10/14 mp. 2 wights come into view.
A wight comes into view. It is wielding a +0 dagger.
The wight hits you with a +0 morningstar. 😕 HP[-1] MP[+1]
You take 1 damage, and now have 56/57 hp.
You hit the wight.
The wight hits you with a +0 morningstar!
You completely miss the wight. The wight hits you with a +0 mace.
You feel drained.
Khenut gestures at the wight while chanting.
The stone arrow hits the wight!
The wight hits you with a +0 morningstar. 😮 HP[-15] MP[+1]
You now have 56 max hp (-1).
You take 15 damage, and now have 41/56 hp.
MASSIVE DAMAGE!! (PAUSE)
The wight attacks as you move away! The wight hits you but does no damage.
Khenut casts a spell at the wight.
The puff of frost misses the wight.
You hit the wight. The wight hits you but does no damage.
Khenut closely misses the wight. 😮 MP[+1]
You hit the wight. 😮 HP[+1] Unknown command.
You punch the wight! The wight hits you with a +0 mace!
You feel drained.
Khenut points at the wight and mumbles some strange words.
The stone arrow hits the wight!
The wight is destroyed!
The wight hits you with a +0 morningstar.
The wight barely misses you.
Things that are here:
a +0 mace; a +0 robe; 😮 HP[-10] MP[+1]
You take 10 damage, and now have 32/56 hp.
Your mp is fully restored (14).
You barely miss the wight. The wight hits you with a +0 mace.
The wight hits you with a +0 morningstar!
* * * LOW HITPOINT WARNING * * *
You feel drained.
* * * LOW HITPOINT WARNING * * *
😨 HP[-14]
You now have 55 max hp (-1).
You take 14 damage, and now have 18/55 hp.
MASSIVE DAMAGE!! (PAUSE)
You barely miss the wight.
The wight hits you with a +0 morningstar!
* * * LOW HITPOINT WARNING * * *
You feel drained.
You die...

Skill      XL: |  1  2  3  4  5  6  7  8 |
---------------+-------------------------+-----
Transmutations | 2 3 4 5 6 |  6.1
Unarmed Combat | 3 4 |  4.9
Poison Magic   | 1 2 |  2.0
Spellcasting   | 3 4 |  4.5
Ice Magic      | 1 2 3 4 |  4.6
Fighting       | |  1.0
Dodging        | |  1.7

Action                     |  1- 3 |  4- 6 |  7- 9 || total
---------------------------+-------+-------+-------++-------
  Melee: Unarmed           |    91 |   103 |    55 ||   249
         Kick              |     9 |    15 |     1 ||    25
         Headbutt          |     3 |     5 |       ||     8
         Punch             |     2 |     3 |     1 ||     6
   Cast: Beastly Appendage |    13 |    18 |     1 ||    32
         Wereblood         |     2 |       |     2 ||     4
         Spider Form       |     3 |     5 |     2 ||    10
         Ice Form          |       |     3 |     9 ||    12
 Invoke: Ancestor Identity |       |     1 |       ||     1
         Ancestor Life: Ba |       |     1 |       ||     1
         Recall Ancestor   |       |       |     1 ||     1
Ability: End Transformatio |       |     1 |       ||     1
    Use: Scroll            |       |     1 |     8 ||     9
   Stab: Paralysed         |       |       |     5 ||     5
         Distracted        |       |       |     2 ||     2
 Armour: Robe              |    19 |    11 |     1 ||    31
         Skin              |     4 |     3 |    13 ||    20
  Dodge: Dodged            |    90 |    76 |    23 ||   189

Levels and vault maps discovered:
D:1:      psy_arrival_statuary, layout_loops_corners, eino_curves_04
D:2:      layout_rooms, shapermc_ecumenical_altar_pompeii, serial_glass,
          glass_columns_b, glass_columns_a, minmay_tetromino_s4, uniq_terence,
          uniq_robin, uniq_jessica
D:3:      layout_loops_ring, led_sif_book, mainiacjoe_overflow_alcove_2,
          reono_crystal_passage, ebering_dispersal_statue_hall
D:4:      wad_lake_hut, layout_gridville,
          mainiacjoe_overflow_concentric_impassable
D:5:      layout_gridville, mainiacjoe_overflow_swirl,
          mainiacjoe_overflow_alcove_1
D:6:      layout_loops_cross, trog_ov_bears_minmay, minmay_temple_entry_mist
D:7:      layout_basic, nicolae_overflow_crystal_walls

Notes
Turn   | Place    | Note
-------+----------+-------------------------------------------
     0 | D:1      | kae the Demonspawn Transmuter began the quest for the Orb.
     0 | D:1      | Reached XP level 1. HP: 15/15 MP: 3/3
     0 | D:1      | magus.rc [v1.11.3]
    65 | D:1      | Reached skill level 2 in Transmutations
   116 | D:1      | Gained mutation: You are partially covered in icy blue
                  | scales. (AC +2) [demonic ancestry]
   116 | D:1      | Reached XP level 2. HP: 18/21 MP: 3/5
   137 | D:1      | You pick up a book of Debilitation and begin reading...
   137 | D:1      | You add the spells Slow, Vampiric Draining and Confusing
                  | Touch to your library.
   158 | D:1      | Learned a level 2 spell: Wereblood
  1078 | D:2      | Noticed Jessica
  1177 | D:2      | Reached skill level 3 in Unarmed Combat
  1190 | D:2      | Noticed Robin
  1194 | D:2      | Reached XP level 3. HP: 26/26 MP: 3/6
  1235 | D:1      | Learned a level 3 spell: Spider Form
  1440 | D:2      | Killed Robin
  1505 | D:2      | Noticed Terence
  1530 | D:2      | Killed Terence
  1531 | D:2      | Reached skill level 3 in Transmutations
  1531 | D:2      | Reached skill level 1 in Poison Magic
  1531 | D:2      | Reached XP level 4. HP: 18/32 MP: 1/7
  1641 | D:2      | Killed Jessica
  2039 | D:2      | Found a faded altar of an unknown god.
  2093 | D:2      | Prayed at the altar of an unknown god.
  2093 | D:2      | Became a worshipper of Hepliaklqana the Forgotten
  2093 | D:2      | Reached * piety under Hepliaklqana
  2129 | D:3      | HP: 6/28 [adder (2)]
  2131 | D:3      | Reached skill level 2 in Poison Magic
  2131 | D:3      | Gained mutation: You may rarely emit foul miasma when
                  | damaged in melee. [demonic ancestry]
  2131 | D:3      | Reached XP level 5. HP: 8/33 MP: 9/9
  2239 | D:3      | HP: 5/33 [white imp (5)]
  2741 | D:3      | Found a shimmering blue altar of Sif Muna.
  3052 | D:3      | Found a blossoming altar of Fedhas.
  3172 | D:3      | Reached skill level 3 in Spellcasting
  3346 | D:4      | Learned a level 4 spell: Ice Form
  3483 | D:4      | Reached ** piety under Hepliaklqana
  3486 | D:4      | You pick up a book of Displacement and begin reading...
  3486 | D:4      | You add the spells Lesser Beckoning, Gell's Gravitas and
                  | Teleport Other to your library.
  3487 | D:4      | Remembered your ancestor Khenut as a battlemage
  3574 | D:4      | Found a hide-covered altar of Uskayaw.
  3696 | D:4      | Identified the +0 helmet of Shielding {rElec rPois Int+8
                  | Slay-4}
  4006 | D:4      | Noticed a wyvern
  4018 | D:4      | Killed a wyvern
  4019 | D:4      | Reached skill level 4 in Transmutations
  4019 | D:4      | Reached skill level 1 in Ice Magic
  4019 | D:4      | Gained mutation: You have a small tail. [demonic ancestry]
  4019 | D:4      | Reached XP level 6. HP: 17/38 MP: 10/10
  4181 | D:4      | Reached skill level 2 in Ice Magic
  4342 | D:5      | Entered Level 5 of the Dungeon
  4346 | D:5      | Reached skill level 4 in Unarmed Combat
  4346 | D:5      | Gained mutation: Spells you cast may paralyse adjacent
                  | enemies. [demonic ancestry]
  4346 | D:5      | Reached XP level 7. HP: 43/43 MP: 9/12
  4863 | D:5      | Found a snail-covered altar of Cheibriados.
  4872 | D:5      | Found an iron altar of Okawaru.
  5001 | D:6      | Noticed a hornet
  5008 | D:6      | Killed a hornet
  5009 | D:6      | Reached skill level 5 in Transmutations
  5009 | D:6      | Reached skill level 3 in Ice Magic
  5226 | D:6      | Found a staircase to the Ecumenical Temple.
  5251 | D:6      | Reached skill level 4 in Spellcasting
  5251 | D:6      | Reached XP level 8. HP: 42/48 MP: 10/14
  5365 | D:6      | Reached *** piety under Hepliaklqana
  5426 | D:6      | Reached skill level 4 in Ice Magic
  5670 | D:6      | Found a bloodstained altar of Trog.
  5768 | D:6      | Reached skill level 6 in Transmutations
  5982 | D:7      | HP: 4/55 [wight/+0 morningstar (14)]
  5982 | D:7      | Slain by a wight

Vanquished Creatures
  A hornet (D:6)
  A wyvern (D:4)
  A black bear (D:4)
  An ice beast (D:6)
  An ogre (D:6)
  2 phantoms
  2 hounds (D:6)
  A jelly (D:6)
  Terence (D:2)
  Jessica (D:2)
  An iguana (D:6)
  An orc wizard (D:6)
  Robin (D:2)
  2 gnolls (D:3)
  7 adders
  A white imp (D:6)
  An ufetubus (D:7)
  A dart slug (D:3)
  9 orcs
  4 ball pythons
  3 bats
  6 endoplasms
  3 giant cockroaches (D:3)
  13 goblins
  7 hobgoblins
  5 kobolds
  A quokka (D:5)
  A frilled lizard (D:1)
  2 rats (D:2)
81 creatures vanquished.

Vanquished Creatures (collateral kills)
  2 black bears (D:6)
  A scorpion (D:6)
  2 wights (D:7)
  A hound (D:5)
  A gnoll (D:3)
  An adder (D:6)
  A white imp (D:3)
  7 orcs
  A ball python (D:4)
  A giant cockroach (D:4)
  A hobgoblin (D:4)
19 creatures vanquished.

Vanquished Creatures (others)
  An orc wizard (D:3)
  2 battlemagi
3 creatures vanquished.

Grand Total: 103 creatures vanquished

Table legend:
 A = Non-vault XP
 B = Vault XP
 C = Vault XP percentage of total XP
 D = Non-vault monster count
 E = Vault monster count
 F = Vault count percentage of total count
                 A         B        C        D         E       F
            +---------+---------+-------+---------+---------+-------
      Total |    1833 |     386 |  17.4 |      82 |      18 |  18.0
            +---------+---------+-------+---------+---------+-------
        D:1 |      29 |       6 |  17.1 |      16 |       3 |  15.8
        D:2 |      31 |     109 |  77.9 |       6 |      13 |  68.4
        D:3 |     118 |       0 |   0.0 |      23 |       0 |   0.0
        D:4 |     407 |       0 |   0.0 |      16 |       0 |   0.0
        D:5 |     169 |       0 |   0.0 |       4 |       0 |   0.0
        D:6 |     925 |     271 |  22.7 |      14 |       2 |  12.5
        D:7 |     154 |       0 |   0.0 |       3 |       0 |   0.0
            +---------+---------+-------+---------+---------+-------

Illustrated notes

Table legend:
 A = Kills in this place as a percentage of kills in entire the game.
 B = Kills by you in this place as a percentage of kills by you in the entire game.
 C = Kills by friends in this place as a percentage of kills by friends in the entire game.
 D = Other kills in this place as a percentage of other kills in the entire game.
 E = Experience gained in this place as a percentage of experience gained in the entire game.
 F = Experience gained in this place divided by the number of levels of this place that you have seen.
                   A       B       C       D       E      F
               +-------+-------+-------+-------+-------+----------------------
         Total | 100.0 | 100.0 | 100.0 |   N/A | 100.0 | 317.0
       Dungeon | 100.0 | 100.0 | 100.0 |   N/A | 100.0 | 317.0
               +-------+-------+-------+-------+-------+----------------------

Table legend: (Time is in decaauts)
 A = Elapsed time spent in this place.
 B = Non-inter-level travel time spent in this place.
 C = Inter-level travel time spent in this place.
 D = Time resting spent in this place.
 E = Time spent auto-exploring this place.
 F = Levels seen in this place.
 G = Mean time per level.
                   A        B        C        D        E       F      G
               +--------+--------+--------+--------+--------+-----+--------+
         Total |   5998 |   5678 |    320 |    639 |   4222 |   7 |  856.9 |
       Dungeon |   5998 |   5678 |    320 |    639 |   4222 |   7 |  856.9 |
               +--------+--------+--------+--------+--------+-----+--------+

Top non-repeatable levels by time:
     D:1: 1354 daAuts
     D:4: 1027 daAuts
     D:3: 1014 daAuts
     D:2: 966 daAuts
     D:6: 860 daAuts
     D:5: 633 daAuts
     D:7: 142 daAuts
